 Dungeon Crawl Stone Soup version 0.30-a0-808-g6e0788376e (webtiles) character file.

Game seed: 10526387204103343604

5045 12572944 the Basher (level 10, -4/89 HPs)
             Began as an Armataur Berserker on Feb 25, 2023.
             Was a High Priest of Trog.
             Slain by a komodo dragon (15 damage)
             ... on level 9 of the Dungeon.
             The game lasted 00:17:48 (8471 turns).

12572944 the Basher (Armataur Berserker)            Turns: 8471, Time: 00:17:48

Health: -4/89      AC: 15    Str: 28    XL:     10   Next: 30%
Magic:  10/10      EV:  6    Int:  7    God:    Trog [*****.]
Gold:   570        SH:  0    Dex: 15    Spells: 9/9 levels left

rFire   . . .      SeeInvis .    q - +3 mace (venom)
rCold   . . .      Faith    .    (no shield)
rNeg    . . .      Spirit   .    K - +0 plate armour
rPois   .          Reflect  .    p - +1 helmet
rElec   .          Harm     .    s - +0 cloak
rCorr   .          Roll     +    (no gloves)
Will    .....                    (no barding) Stlth
                                 (no amulet)
HPRegen 0.34/turn                G - +6 ring of strength
MPRegen 0.12/turn                (no ring)

@: no status effects
A: large, rugged brown scales 3, deformed body, armoured tail, roll, long
tongue, awkward tongue
a: Renounce Religion, Berserk, Trog's Hand, Brothers in Arms


You were on level 9 of the Dungeon.
You worshipped Trog.
Trog was extremely pleased with you.
You visited 2 branches of the dungeon, and saw 10 of its levels.

You collected 570 gold pieces.

Inventory:

Hand Weapons
 a - a +0 mace
 q - a +3 mace of venom (weapon)
 B - the +7 staff of the Meek {protect, meekguard}
   (You found it on level 6 of the Dungeon)
Armour
 b - a +0 animal skin
 d - a +2 buckler
 g - a +0 tower shield
 o - a +0 ring mail
 p - a +1 helmet (worn)
 s - a +0 cloak (worn)
 y - a +0 chain mail
 K - a +0 plate armour (worn)
Jewellery
 t - a ring of fire
 G - a +6 ring of strength (left hand)
Wands
 c - a wand of polymorph (7)
 j - a wand of digging (7)
 w - a wand of iceblast (2)
 x - a wand of flame (41)
Scrolls
 e - 4 scrolls of immolation
 f - a scroll of butterflies
 m - 6 scrolls of teleportation {@r4}
 n - a scroll of enchant armour
 D - a scroll of fear
 E - 5 scrolls of enchant weapon
 I - a scroll of identify {@r1}
Potions
 h - 5 potions of heal wounds {@q2}
 i - a potion of attraction {unknown}
 k - 4 potions of cancellation
 l - a potion of flight {unknown}
 r - a potion of curing {@q1}
 u - a potion of resistance {unknown}
 v - 2 potions of lignification
 z - 4 potions of mutation
 A - a potion of brilliance {unknown}
 C - a potion of magic {unknown}
 F - a potion of ambrosia {unknown}
 H - 2 potions of haste {unknown}
 J - a potion of invisibility {unknown}


   Skills:
 + Level 6.8 Fighting
 * Level 9.3 Maces & Flails
 + Level 8.6 Armour
 - Level 1.6 Dodging
 + Level 7.2 Shields


You had 9 spell levels left.
You didn't know any spells.
Your spell library was empty.

Dungeon Overview and Level Annotations

Branches:
Dungeon (9/15)             Temple (1/1) D:5
   Lair: D:8-11         Orc: D:9-12

Altars:
Ashenzari
Cheibriados
Dithmenos
Elyvilon
Fedhas
Gozag
Hepliaklqana
Kikubaaqudgha
Makhleb
Nemelex Xobeh
Okawaru
Ru
Sif Muna
Trog
Uskayaw
Vehumet
Wu Jian
Xom
Yredelemnul
Zin
The Shining One

Shops:
D:2 ?   D:8 *

Annotations:
D:6 2 transporters, BigDaddyOpFi's ghost, novice TrFi


Innate Abilities, Weirdness & Mutations

You are completely covered in rugged brown scales. (AC +3, +7% HP)
Armour fits poorly on your strangely shaped body.
You have a long armoured tail.
You roll when moving toward enemies. (Rampage)
Your long tongue fully drains potion bottles. (2x potion effects)
Your tongue gives you trouble enunciating. (1.5x scroll delay)


Message History

A komodo dragon is nearby!
You roll towards the komodo dragon!
An acid dragon and a komodo dragon come into view.
The komodo dragon hisses angrily.
The acid dragon spits acid at you. The splash of acid hits you!
You hear an angry hiss.
You roll towards the komodo dragon!
You sock the komodo dragon!
The komodo dragon is poisoned.
Your punch misses the komodo dragon.
The komodo dragon is lightly wounded.
The komodo dragon bites you but does no damage.
You completely miss the komodo dragon.
The komodo dragon is lightly wounded.
The komodo dragon bites you!! The komodo dragon barely misses you.
You hit the komodo dragon.
The komodo dragon looks as sick as possible!
You tail-slap the komodo dragon, but do no damage.
The komodo dragon is moderately wounded.
A troll comes into view.
The komodo dragon bites you! x2
The troll shouts!
You hit the komodo dragon but do no damage.
The komodo dragon looks as sick as possible!
The komodo dragon is moderately wounded.
The komodo dragon barely misses you.
The komodo dragon hisses menacingly.
The komodo dragon bites you but does no damage.
You hit the komodo dragon.
The komodo dragon looks as sick as possible!
You tail-slap the komodo dragon.
The komodo dragon is heavily wounded.
The komodo dragon bites you! The komodo dragon barely misses you.
You sock the komodo dragon!
Your tail-slap misses the komodo dragon.
The komodo dragon is moderately wounded.
The acid dragon spits acid at you. The splash of acid hits you!
The komodo dragon bites you!!
* * * LOW HITPOINT WARNING * * *
The komodo dragon bites you!
You die...

# ... # ....# ####
...T..###### ###...
#.....l@...###
####..###
.##.#.Dl.....###.....#
#.#.###.........### #.
#. ###.#####.# # ###
##### #######
#######.###.## #.##.#
#.....>......# #...##
#.#####.###..#
######.#
#<###.#.###..##
#.......


You could see 2 komodo dragons, a troll and an acid dragon (catching breath).

Vanquished Creatures
  Maurice (D:8)
  A komodo dragon (D:9)
  A hornet (D:9)
  2 wyverns
  A basilisk (D:9)
  3 steam dragons
  Menkaure (D:7)
  2 water moccasins
  An orc warrior (D:9)
  A sky beast (D:7)
  A black bear (D:8)
  An ice beast (D:6)
  An ogre (D:5)
  3 centaurs
  A phantom (D:7)
  A kobold brigand (D:8)
  2 bullfrogs
  5 scorpions
  A necrophage (D:4)
  A gnoll sergeant (D:9)
  9 wights
  3 howler monkeys
  7 orc priests
  2 jellies (D:6)
  A gnoll bouda (D:8)
  5 hounds
  7 iguanas
  8 orc wizards
  6 gnolls
  10 adders
  3 shadow imps
  A white imp (D:6)
  2 worms (D:2)
  3 dart slugs
  20 orcs
  9 ball pythons
  7 bats
  5 endoplasms
  3 giant cockroaches
  7 goblins
  9 hobgoblins
  9 jackals (D:2)
  7 kobolds
  6 quokkas
  2 frilled lizards
  6 rats
188 creatures vanquished.

Notes
Turn   | Place    | Note
-------+----------+-------------------------------------------
     0 | D:1      | 12572944 the Armataur Berserker began the quest for the
                  | Orb.
     0 | D:1      | Reached XP level 1. HP: 19/19 MP: 1/1
    87 | D:1      | Reached XP level 2. HP: 26/26 MP: 2/2
   322 | D:1      | Reached skill level 3 in Maces & Flails
   626 | D:2      | Reached XP level 3. HP: 30/33 MP: 3/3
   666 | D:2      | Reached ** piety under Trog
   926 | D:2      | Found Rit Ereb's Magic Scroll Shoppe.
  1134 | D:2      | Reached skill level 1 in Shields
  1134 | D:2      | Reached XP level 4. HP: 30/40 MP: 4/4
  2041 | D:3      | !bestwep
  2106 | D:3      | Reached *** piety under Trog
  2521 | D:4      | Noticed a scorpion
  2528 | D:4      | Killed a scorpion
  2529 | D:4      | Reached XP level 5. HP: 48/48 MP: 5/5
  2612 | D:4      | Reached skill level 4 in Maces & Flails
  2736 | D:4      | Reached XP level 6. HP: 52/55 MP: 6/6
  3253 | D:5      | Entered Level 5 of the Dungeon
  3558 | D:5      | Reached skill level 5 in Maces & Flails
  3558 | D:5      | Reached XP level 7. HP: 13/63 MP: 7/7
  4209 | D:5      | You fall into a shaft and drop 3 floors!
  4216 | D:8      | Found Foizaing's Assorted Antiques.
  4227 | D:8      | Noticed Maurice
  4238 | D:8      | Killed Maurice
  4239 | D:8      | Reached skill level 5 in Armour
  4239 | D:8      | Reached XP level 8. HP: 71/71 MP: 8/8
  4330 | D:6      | Found the +7 staff of the Meek {protect, meekguard}
  4335 | D:6      | !bestwep
  4434 | D:5      | Reached skill level 6 in Maces & Flails
  4505 | D:5      | Found a staircase to the Ecumenical Temple.
  4518 | Temple   | Entered the Ecumenical Temple
  4707 | D:6      | Found a transporter.
  4710 | D:6      | Found a transporter.
  4710 | D:6      | Noticed BigDaddyOpFi's ghost (novice TrFi)
  4976 | D:6      | !bestwep
  5009 | D:6      | Reached skill level 5 in Fighting
  5024 | D:6      | Reached **** piety under Trog
  5037 | D:6      | Reached skill level 7 in Maces & Flails
  5037 | D:6      | Reached skill level 5 in Shields
  5121 | D:6      | Reached XP level 9. HP: 33/79 MP: 9/9
  5294 | D:6      | Found an ancient bone altar of Kikubaaqudgha.
  5582 | D:7      | Noticed Menkaure
  5586 | D:7      | Killed Menkaure
  5992 | D:7      | Reached skill level 8 in Maces & Flails
  6000 | D:7      | HP: 5/108 [wight/+0 battleaxe (5)]
  6269 | D:7      | Found a white marble altar of Elyvilon.
  7403 | D:9      | Reached XP level 10. HP: 85/89 MP: 10/10
  7537 | D:9      | Reached ***** piety under Trog
  7768 | D:9      | Reached skill level 9 in Maces & Flails
  8471 | D:9      | Slain by a komodo dragon

Illustrated notes ............ ........... #.......... #.......... ##########.......... #........#...)...# #........#.......# +........+..@....+ ##........#.......# #.................# # #.................# .###.......####.......... ..........# #..........# ..........####..........# #.......###.#.####.......# #....... ##.#.# #.......# Turn 2041 on D:3: !bestwep # ## ####.######.... ......)>....# .######.##..... .......@# ... ©.......# . #####...# [$.8##..# .....#..# ..#..#..# ...#.#..# ....#..# Turn 4335 on D:6: !bestwep

....................©.......#.##.
............................#.##.
.####.............##.####...#+##.
#................# ##.#.....
#...........[.#### #.......
..............# ##.[....
.........# #...... .........#####
##....# .......@.....# #....#
.........##..# #..... ...........
... #.#### .#########+# ## #.# #
#.# # #.# # ..# # ### # #


Turn 4976 on D:6: !bestwep

Levels and vault maps discovered:
D:1:      spicycebolla_arrival_ecumenical, layout_basic, minmay_octomino_j4
D:2:      layout_loops_corners, serial_shops, nicolae_square_shop
D:3:      layout_basic, minivault_26, minivault_24, minivault_5
D:4:      layout_basic, serial_rivers, chequers_serial_rivers_micro_a,
          chequers_serial_rivers_micro_e, chequers_serial_rivers_micro_b,
          chequers_serial_rivers_large_b, hangedman_decor_opposing
D:5:      layout_basic, temple_hall
D:6:      layout_basic, nicolae_overflow_crystal_walls, gammafunk_ghost_arena,
          minmay_misc_feat_columns, minivault_26, minmay_pentangle
D:7:      layout_gridville, kennysheep_mini_moat, uniq_menkaure
D:8:      layout_basic, serial_shops, nicolae_shop_waterfront, uniq_maurice
D:9:      layout_loops_ring, erik_lair_dragon
Temple:   hellmonk_temple_of_storms

Skill      XL: |  1  2  3  4  5  6  7  8  9 10 |
---------------+-------------------------------+-----
Maces & Flails | 3 4 5 7 8 9 |  9.3
Fighting       | 3 4 5 6 |  6.8
Armour         | 3 4 5 6 8 |  8.6
Shields        | 1 2 3 4 5 6 7 |  7.2
Dodging        | |  1.6

Action                     |  1- 3 |  4- 6 |  7- 9 | 10-12 || total
---------------------------+-------+-------+-------+-------++-------
  Melee: Mace              |   110 |   133 |   253 |    62 ||   558
         Tailslap          |    10 |    13 |    41 |    13 ||    77
         Punch             |       |     2 |     5 |     2 ||     9
 Invoke: Berserk           |       |       |     4 |     1 ||     5
  Evoke: Wand              |       |       |     5 |       ||     5
    Use: Scroll            |       |       |    15 |       ||    15
         Potion            |       |       |     2 |     2 ||     4
   Stab: Sleeping          |     2 |     1 |       |       ||     3
         Distracted        |       |       |     1 |       ||     1
 Armour: Animal skin       |    43 |    18 |       |       ||    61
         Ring mail         |       |    32 |       |       ||    32
         Chain mail        |       |    12 |   206 |    27 ||   245
         Plate armour      |       |       |       |     2 ||     2
  Dodge: Dodged            |    47 |    54 |    90 |    21 ||   212

Table legend: (Time is in decaauts)
 A = Elapsed time spent in this place.
 B = Non-inter-level travel time spent in this place.
 C = Inter-level travel time spent in this place.
 D = Time resting spent in this place.
 E = Time spent auto-exploring this place.
 F = Levels seen in this place.
 G = Mean time per level.
                   A        B        C        D        E       F      G
               +--------+--------+--------+--------+--------+-----+--------+
         Total |   8598 |   8164 |    434 |    749 |   6003 |  10 |  859.8 |
       Dungeon |   8558 |   8130 |    428 |    749 |   5985 |   9 |  950.9 |
        Temple |     39 |     33 |      6 |      0 |     18 |   1 |   39.0 |
               +--------+--------+--------+--------+--------+-----+--------+

Top non-repeatable levels by time:
     D:5: 1168 daAuts
     D:9: 1156 daAuts
     D:2: 1154 daAuts
     D:8: 1023 daAuts
     D:6: 1018 daAuts
     D:7: 890 daAuts
     D:4: 771 daAuts
     D:3: 758 daAuts
     D:1: 617 daAuts
  Temple: 39 daAuts
